 Dungeon Crawl Stone Soup version 0.31.0-32-g396128a36d (webtiles) character file.

Game seed: 16041752752263128907

1933818 xight the Infernalist (level 27, 186/186 HPs)
             Began as a Deep Elf Fire Elementalist on Apr 14, 2024.
             Was the Champion of Vehumet.
             Escaped with the Orb
             ... and 4 runes!
             The game lasted 05:02:52 (101466 turns).

xight the Infernalist (DEFE)                      Turns: 101466, Time: 05:02:53

Health: 186/186    AC: 16    Str:  5    XL:     27
Magic:  56/56      EV:  3    Int: 40    God:    Vehumet [******]
Gold:   7229       SH: 25    Dex: 15    Spells: 12/80 levels left

rFire   + + +        y - +3 Elemental Staff {ele, rElec rF+ rC+ AC+3}
rCold   + . .        j - +18 shield of the Gong {Loud rN+ Will+ rCorr EV-5}
rNeg    + + .        Z - +2 robe {rC+ rF+}
rPois   +            H - +2 hat {SInv}
rElec   +            L - +2 cloak {Stlth+}
rCorr   +            W - +0 pair of gloves "Onokoxek" {Stlth+}
SInv    +            V - +2 pair of boots of Creativity {Will+ Int+3}
Will    ++++.        D - amulet of Finimynyo {RegenMP rPois Regen+}
Stlth   ++           X - ring "Vacha" {rF+ rN+ Int+2 Slay-4}
HPRegen 1.31/turn    t - ring of fire
MPRegen 0.75/turn

%: no passive effects
@: hasted, very quick
A: no striking features
0: Orb of Zot
}: 4/15 runes: barnacled, slimy, silver, gossamer
a: Renounce Religion


You escaped.
You worshipped Vehumet.
Vehumet was exalted by your worship.
You visited 12 branches of the dungeon, and saw 56 of its levels.
You visited 1 bazaar.
You also visited: Trove, Sewer, Bailey and Ice Cave.

You collected 10714 gold pieces.
You spent 3485 gold pieces at shops.

Inventory:

Hand Weapons
 y - the +3 Elemental Staff (weapon) {ele, rElec rF+ rC+ AC+3}
   (You took it off an occultist on level 1 of the Elven Halls)

   AC+3:      It affects your AC (+3).
   rF+:       It protects you from fire.
   rC+:       It protects you from cold.
   rElec:     It insulates you from electricity.
Armour
 j - the +18 shield of the Gong (worn) {Loud rN+ Will+ rCorr EV-5}
   (You acquired it on level 2 of the Depths)

   Loud:      It is deafeningly noisy when blocking attacks.
   EV-5:      It affects your evasion (-5).
   rN+:       It protects you from negative energy.
   Will+:     It increases your willpower.
   rCorr:     It protects you from acid and corrosion.
 k - a +2 robe of willpower
 H - a +2 hat of see invisible (worn)
 L - a +2 cloak of stealth (worn)
 V - the +2 pair of boots of Creativity (worn) {Will+ Int+3}
   (You bought it in a shop on level 2 of the Orcish Mines)

   Int+3:     It affects your intelligence (+3).
   Will+:     It increases your willpower.
 W - the +0 pair of gloves "Onokoxek" (worn) {Stlth+}
   (You bought it in a shop on level 2 of the Orcish Mines)

   Stlth+:    It makes you more stealthy.
 Z - a +2 robe of resistance (worn)
Magical Staves
 G - a staff of alchemy
Jewellery
 c - a ring of positive energy
 g - a ring of flight
 t - a ring of fire (right hand)
 u - the amulet "Dyriacir" {Reflect rElec SH+5}
   (You acquired it in a bazaar)

   [amulet of reflection]

   Reflect:   It reflects blocked missile attacks.
   rElec:     It insulates you from electricity.
   SH+5:      It affects your SH (+5).
 D - the amulet of Finimynyo (around neck) {RegenMP rPois Regen+}
   (You found it in a treasure trove)

   [amulet of magic regeneration]

   RegenMP:   It increases your rate of magic regeneration.
   rPois:     It protects you from poison Regen+: It increases your rate of
   health regeneration.
 J - the amulet of Conversion {RegenMP *Corrode rC+++ Str+3 SInv}
   (You found it in a treasure trove)

   [amulet of magic regeneration]

   RegenMP:   It increases your rate of magic regeneration.
   Str+3:     It affects your strength (+3).
   rC+++:     It renders you almost immune to cold.
   SInv:      It lets you see invisible.
   *Corrode:  It may corrode you when you take damage.
 K - a ring of see invisible
 N - the ring "Curyapn" {rCorr EV+5}
   (You found it in a treasure trove)

   [ring of evasion]

   EV+5:      It affects your evasion (+5).
   rCorr:     It protects you from acid and corrosion.
 U - a ring of protection from cold
 X - the ring "Vacha" (left hand) {rF+ rN+ Int+2 Slay-4}
   (You found it in a treasure trove)

   [ring of positive energy]

   Int+2:     It affects your intelligence (+2).
   Slay-4:    It affects your accuracy & damage with ranged weapons and melee
   (-4).
   rF+:       It protects you from fire.
   rN+:       It protects you from negative energy.
 Y - the ring "Koanouw" {rPois Will+ rCorr Str-5 Stlth+}
   (You found it in a treasure trove)

   [ring of resist corrosion]

   Str-5:     It affects your strength (-5).
   rPois:     It protects you from poison Will+: It increases your willpower.
   rCorr:     It protects you from acid and corrosion.
   Stlth+:    It makes you more stealthy.
Wands
 l - a wand of mindburst (44)
 n - a wand of roots (88)
 q - a wand of digging (36)
 v - a wand of quicksilver (45)
 z - a wand of paralysis (60)
 P - a wand of polymorph (39) (quivered)
 T - a wand of flame (113)
Scrolls
 b - 8 scrolls of silence
 i - 48 scrolls of teleportation
 p - 8 scrolls of amnesia
 x - 2 scrolls of butterflies
 A - 13 scrolls of immolation
 C - 15 scrolls of poison
 E - 7 scrolls of enchant armour
 F - 2 scrolls of revelation
 I - 2 scrolls of blinking
 M - 13 scrolls of fear
 O - 8 scrolls of fog
 R - a scroll of enchant weapon
Potions
 a - 12 potions of enlightenment
 d - 18 potions of lignification
 e - 8 potions of attraction
 f - 6 potions of ambrosia
 h - 22 potions of curing
 m - 12 potions of heal wounds
 o - 6 potions of mutation
 r - 10 potions of brilliance
 s - 8 potions of haste
 w - 4 potions of invisibility
 B - 2 potions of cancellation
 S - a potion of magic
Miscellaneous
 Q - a phantom mirror


   Skills:
 + Level 22.5 Fighting
 - Level 2.4 Dodging
 - Level 2.4 Stealth
 O Level 27 Spellcasting
 O Level 27 Conjurations
 + Level 24.1 Translocations
 O Level 27 Fire Magic


You had 12 spell levels left.
You knew the following spells:

 Your Spells              Type           Power      Damage    Failure   Level
a - Foxfire               Conj/Fire      100%       2x1d9     0%          1
b - Scorch                Fire           100%       2d9       0%          2
c - Volatile Blastmotes   Fire/Tloc      100%       2d18      0%          3
d - Inner Flame           Hex/Fire       100%       N/A       1%          3
e - Disjunction           Tloc           64%        N/A       1%          8
f - Sticky Flame          Fire/Alch      100%       2d15      1%          4
h - Ignition              Fire           92%        3d23      1%          8
i - Fireball              Conj/Fire      92%        3d34      0%          5
j - Fire Storm            Conj/Fire      92%        8d23      1%          9
m - Dispersal             Tloc           64%        N/A       1%          6
o - Starburst             Conj/Fire      92%        6d23      0%          6
p - Iskenderun's Mystic   Conj/Tloc      100%       2d19      0%          4
t - Blink                 Tloc           100%       N/A       0%          2
u - Orb of Destruction    Conj           66%        9d16      1%          7

Your spell library contained the following spells:

 Spells                   Type           Power      Damage    Failure   Level
 Polar Vortex             Ice            34%        12d4*     100%        9
 Shatter                  Erth           34%        3d28*     100%        9
 Apportation              Tloc           100%       N/A       0%          1
 Kiss of Death            Conj/Necr      100%       2d13      0%          1
 Shock                    Conj/Air       100%       1d9       0%          1
 Sting                    Conj/Alch      100%       1d9       0%          1
 Lesser Beckoning         Tloc           100%       N/A       0%          2
 Momentum Strike          Conj/Tloc      100%       3d10      0%          2
 Gell's Gravitas          Tloc           100%       N/A       0%          3
 Teleport Other           Tloc           100%       N/A       0%          3
 Flame Wave               Conj/Fire      100%       2d21      0%          4
 Passage of Golubria      Tloc           100%       N/A       0%          4
 Iskenderun's Battlesphe  Conj           100%       2d15      0%          5
 Sandblast                Erth           100%       2d20      1%          1
 Mercury Vapours          Alch/Air       100%       N/A       1%          2
 Dazzling Flash           Conj/Hex       100%       N/A       1%          3
 Hailstorm                Conj/Ice       100%       3d16      1%          3
 Mephitic Cloud           Conj/Alch/Air  100%       N/A       1%          3
 Stone Arrow              Conj/Erth      100%       3d13      1%          3
 Brom's Barrelling Bould  Conj/Erth      100%       2d11      1%          4
 Dimensional Bullseye     Hex/Tloc       50%        N/A       1%          4
 Fulminant Prism          Conj/Alch      52%        3d22      1%          4
 Ignite Poison            Fire/Alch      100%       N/A       1%          4
 Summon Blazeheart Golem  Fire/Summ      100%       N/A       1%          4
 Vhi's Electric Charge    Tloc/Air       100%       N/A       1%          4
 Arcjolt                  Conj/Air       63%        1d73      1%          5
 Freezing Cloud           Conj/Ice/Air   68%        6-21      1%          5
 Summon Forest            Summ/Tloc      50%        N/A       1%          5
 Bombard                  Conj/Erth      63%        9d10      1%          6
 Conjure Ball Lightning   Conj/Air       63%        3x3d23    1%          6
 Plasma Beam              Fire/Air       89%        2x1d107   1%          6
 Frozen Ramparts          Ice            100%       1d16      3%          3
 Necrotise                Necr           100%       1d9       4%          1
 Summon Small Mammal      Summ           100%       N/A       4%          1
 Spellforged Servitor     Conj/Summ      52%        N/A       4%          7
 Cigotuvi's Dreadful Rot  Necr/Alch/Air  100%       N/A       6%          2
 Ensorcelled Hibernation  Hex/Ice        100%       N/A       6%          2
 Jinxbite                 Hex            100%       N/A       6%          2
 Sublimation of Blood     Necr           52%        N/A       6%          2
 Airstrike                Air            34%        2d(5-21)  11%         4
 Olgreb's Toxic Radiance  Alch           52%        N/A       11%         4
 Call Canine Familiar     Summ           52%        N/A       12%         3
 Passwall                 Erth           69%        N/A       12%         3
 Summon Ice Beast         Ice/Summ       69%        N/A       12%         3
 Swiftness                Air            69%        N/A       12%         3
 Tukima's Dance           Hex            52%        N/A       12%         3
 Vampiric Draining        Necr           52%        2d9       12%         3
 Malign Gateway           Summ/Tloc      50%        N/A       24%         7
 Lehudib's Crystal Spear  Conj/Erth      63%        10d15     26%         8
 Lee's Rapid Deconstruct  Erth           34%        3d17*     28%         5
 Yara's Violent Unravell  Hex/Alch       26%        3d11      28%         5
 Animate Armour           Summ/Erth      100%       N/A       38%         4
 Animate Dead             Necr           52%        N/A       38%         4
 Cause Fear               Hex            26%        N/A       38%         4
 Dispel Undead            Necr           52%        3d19      38%         4
 Leda's Liquefaction      Alch/Erth      34%        N/A       38%         4
 Martyr's Knell           Necr/Summ      52%        N/A       38%         4
 Petrify                  Alch/Erth      69%        N/A       38%         4
 Summon Lightning Spire   Summ/Air       69%        N/A       38%         4
 Alistair's Intoxication  Alch           34%        N/A       75%         5
 Borgnjor's Vile Clutch   Necr/Erth      34%        N/A       75%         5
 Curse of Agony           Necr           52%        N/A       75%         5
 Metabolic Englaciation   Hex/Ice        34%        N/A       75%         5
 Silence                  Hex/Air        34%        N/A       75%         5
 Summon Mana Viper        Hex/Summ       52%        N/A       75%         5
 Eringya's Noxious Bog    Alch           26%        4d6       80%         6
 Death Channel            Necr           26%        N/A       99%         6
 Sculpt Simulacrum        Ice/Alch       34%        N/A       99%         6
 Enfeeble                 Hex            26%        N/A       100%        7
 Monstrous Menagerie      Summ           26%        N/A       100%        7
 Borgnjor's Revivificati  Necr           26%        N/A       100%        8
 Discord                  Hex            26%        N/A       100%        8
 Infestation              Necr           26%        N/A       100%        8
 Summon Horrible Things   Summ           26%        N/A       100%        8
 Dragon's Call            Summ           26%        N/A       100%        9


Dungeon Overview and Level Annotations

Branches:
Dungeon (15/15)            Temple (1/1) D:5            Lair (5/5) D:10
 Shoals (4/4) Lair:2       Spider (4/4) Lair:3        Slime (5/5) Lair:5
    Orc (2/2) D:9             Elf (3/3) Orc:2        Vaults (5/5) D:13
  Crypt (3/3) Vaults:3       Tomb (0/3) Crypt:3      Depths (4/4) D:15
    Zot (5/5) Depths:4      Sewer (visited)          Bailey (visited)
  IceCv (visited)

Altars:
Ashenzari
Cheibriados
Dithmenos
Elyvilon
Fedhas
Gozag
Hepliaklqana
Kikubaaqudgha
Makhleb
Nemelex Xobeh
Okawaru
Qazlal
Ru
Sif Muna
Trog
Uskayaw
Vehumet
Wu Jian
Xom
Yredelemnul
Zin
The Shining One
Jiyva
Lugonu

Shops:
D:5 [*(:[   D:9 =*   D:10 (*:   Orc:2 :([   Elf:1 *   Shoals:1 ?   Vaults:1 :
Vaults:2 *

Portals:
Hell: Depths:1 Depths:2 Depths:3 Depths:4
Abyss: Depths:3
Pandemonium: Depths:2 Depths:3 Depths:4
Ziggurat: Depths:4

Annotations:
Zot:2 2 transporters


Message History

You kill the Orb Guardian!
Vehumet accepts your kill.
You feel your power returning.
Magic restored.
Unknown command.
There is a stone staircase leading up here.
You climb upwards.
There is a stone staircase leading down here.
There is a stone staircase leading up here.
You climb upwards.
There is a stone staircase leading down here.
Things that are here:
a +0 helmet; a +0 animal skin; a +0 club
There is a stone staircase leading up here.
You climb upwards.
There is a stone staircase leading down here.
A Tzitzimitl comes into view.
You feel yourself speed up.
Casting: Fire Storm (dangerous; 1% risk of failure)
Confirm with . or Enter, or press ? or * to list all spells.
Aiming: Fire Storm (dangerous; 1% risk of failure)
Press: ? - help, Dir - move target, f - Tzitzimitl
Aim: a Tzitzimitl You feel a strong surge of power!
A raging storm of fire appears!
The great blast of fire engulfs the Tzitzimitl!!!!
The Tzitzimitl is almost dead.
Casting: Fire Storm (dangerous; 1% risk of failure)
Confirm with . or Enter, or press ? or * to list all spells.
Aiming: Fire Storm (dangerous; 1% risk of failure)
Press: ? - help, Dir - move target, f/p - Tzitzimitl
Aim: a Tzitzimitl (flame, almost dead)
You feel a strong surge of power!
A raging storm of fire appears!
The great blast of fire engulfs the Tzitzimitl!!!!
You kill the Tzitzimitl!
Vehumet accepts your kill.
You feel your power returning.
Okay, then.
Magic restored.
There is a staircase leading out of the dungeon here.
You have escaped!

.###...# ##.....# #.... ##
###.# #..###.# #.... #.#
#.## #.## #....
#.#######.####..### #....
######..##.............#
###....
..........##.........###
#....##
#######.#.##.........#
#.#### #...##...8.8...# #.#
##..#####.@.#### ##.#
########.########## #..#
#...#.............# ##.##
#.#.#.##....##..#.# ##..#
#............#..#.# #..##
####.#.####...#..#.#####.##
.....#.#####.............#
####.#.#.................#
.....#.###......>....#...#


There were no monsters in sight!

Vanquished Creatures
  the Royal Jelly (Slime:5)
  Dissolution (Slime:3)
  4 dread liches
  4 orbs of fire
  11 ancient liches
  Sojobo (Depths:2)
  Xtahua (Crypt:1)
  Bai Suzhen (Depths:2)
  3 Killer Klowns (Zot:5)
  3 curse toes
  3 pandemonium lords
  12 golden dragons
  A Tzitzimitl (D:1)
  4 bone dragons
  6 electric golems
  Arachne (Spider:3)
  A hellephant (Depths:3)
  A walking crystal tome (Depths:3)
  3 doom hounds (Zot:4)
  17 tentacled monstrosities
  31 Orb Guardians
  A Hell Sentinel (Depths:4)
  6 titans
  A shard shrike skeleton (Crypt:3)
  A walking earthen tome (Depths:3)
  2 Ice Fiends
  3 deep elf master archers (Elf:3)
  5 quicksilver dragons
  2 deep elf blademasters (Elf:3)
  7 liches
  2 krakens
  Grunn (Zot:4)
  5 ancient champions (Crypt:3)
  Frances (Shoals:1)
  Kirke (D:13)
  15 death cobs
  Polyphemus (Shoals:3)
  5 sphinxes
  19 acid blobs
  10 azure jellies
  Gastronok (Lair:2)
  9 tengu reavers
  16 rockslimes
  Aizul (Spider:3)
  Donald (Shoals:2)
  14 storm dragons
  14 shadow dragons
  6 draconian knights
  4 occultists
  7 protean progenitors
  14 fire giants
  3 draconian monks
  13 frost giants
  5 draconian shifters
  Ilsuiw (Shoals:2)
  7 deep elf sorcerers
  2 balrugs
  14 vault wardens
  A curse skull (Crypt:3)
  7 emperor scorpions
  3 spectral caustic shrikes (Depths:4)
  3 draconian scorchers
  8 ghost moths
  2 ghouls
  A cacodemon (Depths:4)
  4 deep elf elementalists
  17 ironbound preservers
  3 orc warlords
  3 spriggan defenders
  An angel (D:12)
  2 demonspawn corrupters (Zot:4)
  3 caustic shrike skeletons
  4 draconian stormcallers
  3 formless jellyfish
  19 very ugly things
  2 reapers
  5 draconian annihilators
  14 stone giants
  2 broodmothers
  12 quicksilver oozes
  A juggernaut skeleton (Vaults:3)
  10 green draconians
  7 ironbound thunderhulks
  5 vampire knights
  10 deep elf annihilators (Elf:3)
  A lorocyproca (Depths:2)
  Nessos (D:14)
  11 deep elf demonologists
  9 black draconians
  12 yellow draconians
  11 white draconians
  An elemental wellspring (Elf:1)
  12 purple draconians
  2 bunyips (Zot:4)
  A war gargoyle (Vaults:5)
  A bunyip (shapeshifter) (Depths:4)
  7 deep elf death magi
  14 dire elephants
  13 spark wasps
  5 eidola
  10 red draconians
  6 merfolk javelineers
  2 crystal guardians (Vaults:4)
  A mummy priest (Crypt:3)
  4 merfolk impalers
  A blizzard demon (Depths:3)
  10 fire dragons
  A quicksilver dragon zombie (Zot:4)
  13 ettins
  7 deep elf high priests
  Josephine (D:14)
  6 jiangshi
  A quicksilver dragon skeleton (Crypt:1)
  6 entropy weavers
  5 yaktaur captains
  5 great orbs of eyes
  2 caustic shrike simulacra
  8 ice dragons
  5 spriggan air magi
  A hell beast (Depths:2)
  A juggernaut simulacrum (Vaults:3)
  4 rakshasas
  33 vault guards
  5 hydras
  A radroach (shapeshifter) (Vaults:5)
  Fannar (Orc:1)
  A merfolk avatar (Shoals:1)
  2 peacekeepers (Vaults:4)
  3 ghost crabs (Vaults:3)
  2 alligators (Zot:1)
  13 ironbound frosthearts
  A fenstrider witch skeleton (Crypt:1)
  4 ogre magi
  3 radroaches
  An alligator (shapeshifter) (Vaults:5)
  An alligator snapping turtle (Shoals:4)
  15 centaur warriors
  3 catoblepae
  3 merfolk aquamancers
  36 dancing weapons
  A death knight (Crypt:2)
  12 boulder beetles
  2 spriggan skeletons
  3 two-headed ogres (shapeshifter) (Depths:3)
  14 two-headed ogres
  3 satyrs
  A sphinx skeleton (Crypt:3)
  10 death yaks
  2 deep troll earth magi
  4 deep troll shamans
  9 tengu warriors
  6 vampire magi
  7 demonic crawlers
  8 orc high priests
  11 spriggan berserkers
  A shock serpent (shapeshifter) (Depths:3)
  Urug (Lair:3)
  3 spriggans
  9 hell knights
  6 sun demons
  2 shock serpents (Vaults:3)
  27 deep elf knights
  Nergalle (Lair:2)
  6 iron trolls
  4 skysharks
  6 soul eaters
  41 skeletal warriors
  6 titan skeletons (Crypt:3)
  12 sea snakes
  2 storm dragon skeletons
  A salamander mystic (Depths:1)
  2 death drakes (Zot:4)
  3 pharaoh ants
  5 flayed ghosts
  A cherub (Depths:3)
  An iron giant zombie (Crypt:2)
  3 glowing orange brains
  A shadow wraith (Crypt:3)
  7 orb spiders
  3 shadow demons
  59 deep trolls
  An obsidian statue (Zot:4)
  9 orc knights
  23 deep elf archers
  A golden dragon skeleton (Crypt:2)
  A swamp dragon (shapeshifter) (Depths:2)
  7 arcanists
  4 sun moths
  3 bunyip skeletons
  The ghost of 0o0o the Trooper, a novice MiBe of Trog (D:6)
  4 necromancers
  2 orange crystal statues (IceCv)
  42 deep elf zephyrmancers
  9 phantasmal warriors
  6 lindwurms
  16 harpies
  15 ironbound convokers
  An anaconda skeleton (Crypt:3)
  4 lightning spires (Vaults:3)
  A steelbarb worm (shapeshifter) (Elf:1)
  33 deep elf pyromancers
  7 steelbarb worms
  16 manticores
  3 orc sorcerers
  4 shining eyes
  44 ugly things
  A manticore (shapeshifter) (Depths:3)
  A fire giant zombie (Depths:2)
  13 fauns
  5 salamanders
  21 wolf spiders
  4 oklob plants (Lair:1)
  9 cyclopes
  4 meliai
  12 merfolk sirens
  A stone giant skeleton (Crypt:1)
  An iron dragon skeleton (Vaults:3)
  5 black mambas
  29 moths of wrath
  A moth of wrath (shapeshifter) (Vaults:5)
  5 elephants (Lair:5)
  A rust devil (Depths:4)
  An eye of devastation (Slime:5)
  A dire elephant zombie (Crypt:1)
  10 torpor snails
  An eye of devastation (shapeshifter) (Vaults:5)
  3 water nymphs (Shoals:4)
  A water nymph (shapeshifter) (Depths:2)
  3 centaur skeletons
  4 smoke demons
  An unseen horror (D:11)
  16 vault sentinels
  27 cane toads
  A gargoyle (D:12)
  3 dire elephant skeletons
  5 naga skeletons
  A hellion (Depths:4)
  3 large abominations
  An orc skeleton (Crypt:1)
  Maggie (Lair:1)
  An efreet (D:15)
  An unseen horror (shapeshifter) (D:14)
  A kobold demonologist (D:10)
  2 rime drakes
  25 yaktaurs
  8 komodo dragons
  4 freezing wraiths
  2 golden dragon simulacra
  A tormentor (Zot:1)
  3 anaconda simulacra (IceCv)
  A death yak skeleton (Crypt:2)
  2 tengu conjurers
  A red devil (Zot:5)
  13 trolls
  22 merfolk
  4 guardian mummies (Crypt:3)
  A death drake zombie (Crypt:2)
  2 polar bears
  2 tyrant leeches (Lair:5)
  28 tarantellas
  A moth of wrath zombie (Zot:4)
  5 glass eyes
  12 blink frogs
  4 alligator simulacra (IceCv)
  8 wind drakes
  A tarantella (shapeshifter) (D:15)
  3 harpy skeletons
  2 satyr zombies
  8 hornets
  Prince Ribbit (D:5)
  2 hydra skeletons
  An iron dragon simulacrum (Vaults:3)
  A snapping turtle (shapeshifter) (Vaults:4)
  A dream sheep (shapeshifter) (Vaults:5)
  9 dream sheep
  A raiju (Vaults:3)
  30 jumping spiders
  13 snapping turtles
  86 slime creatures
  Sigmund (D:3)
  2 ettin skeletons (Crypt:3)
  9 air elementals
  A slime creature zombie (Crypt:1)
  24 culicivoras
  2 black mamba skeletons (Crypt:3)
  2 merfolk skeletons (Crypt:1)
  6 wraiths
  22 water elementals
  9 wyverns
  A dire elephant simulacrum (IceCv)
  58 yaks
  3 basilisks
  7 golden eyes
  5 fire elementals
  9 wargs
  30 vampire mosquitoes
  A neqoxec (Zot:3)
  A basilisk (shapeshifter) (Vaults:5)
  51 redbacks
  2 harpy simulacra (IceCv)
  A swamp worm (shapeshifter) (Vaults:5)
  3 acid dragons
  A glowing shapeshifter skeleton (Vaults:3)
  2 two-headed ogre skeletons (Crypt:1)
  25 water moccasins
  24 orc warriors
  5 ice beasts
  A deep troll skeleton (Crypt:1)
  5 sky beasts
  20 laughing skulls
  4 black bears (Lair:3)
  A cane toad skeleton (Crypt:2)
  6 ettin simulacra (IceCv)
  17 ogres
  2 crocodiles (Sewer)
  A swamp dragon skeleton (Crypt:1)
  2 phantoms
  21 wolves
  13 centaurs
  6 kobold brigands
  An elf zombie (Crypt:2)
  A gnoll sergeant (D:7)
  7 earth elementals
  3 necrophages
  6 scorpions
  23 bullfrogs
  A draconian skeleton (Crypt:3)
  A warg skeleton (Crypt:1)
  18 wights
  20 killer bees
  4 howler monkeys
  8 electric eels
  2 bombardier beetles (D:6)
  3 jellies
  27 orc priests
  3 gnoll boudas
  Crazy Yiuf (D:2)
  9 hounds
  3 water moccasin simulacra (D:6)
  3 sleepcaps
  3 iguanas
  14 orc wizards
  A malarious merfolk avatar (Sewer)
  A sickly merfolk siren (Sewer)
  An acid dragon skeleton (Crypt:1)
  2 human simulacra (D:14)
  Robin (D:2)
  14 gnolls
  8 adders
  3 river rats (Sewer)
  A shadow imp (D:6)
  5 white imps (D:6)
  2 ufetubi (D:5)
  An adder zombie (Crypt:3)
  An iguana skeleton (Crypt:3)
  A lava snake skeleton (Crypt:1)
  2 dart slugs
  2 ribbon worms (D:3)
  71 orcs
  13 ball pythons
  4 bats
  10 endoplasms
  6 giant cockroaches
  26 goblins
  16 hobgoblins
  3 jackals (D:3)
  25 kobolds
  6 quokkas
  12 frilled lizards
  A frilled lizard zombie (Crypt:2)
  A quokka zombie (Crypt:3)
  25 rats
  12 aspiring fleshes (Zot:4)
2727 creatures vanquished.

Vanquished Creatures (collateral kills)
  A bone dragon (Zot:4)
  2 Orb Guardians (Zot:5)
  A death cob (Zot:1)
  A spectral caustic shrike (Depths:4)
  A frost giant (Depths:1)
  2 ironbound preservers
  A caustic shrike skeleton (Crypt:3)
  An ironbound thunderhulk (Vaults:2)
  A green draconian (Zot:2)
  A red draconian (Zot:5)
  A spriggan skeleton (Crypt:1)
  A deep elf knight (Elf:1)
  A spark wasp zombie (Depths:2)
  A deep elf archer (Elf:3)
  2 lindwurms (Vaults:4)
  A deep elf zephyrmancer (Elf:3)
  A necromancer (Vaults:4)
  4 deep elf pyromancers
  An ugly thing (Depths:1)
  A tengu skeleton (Crypt:1)
  3 moths of wrath
  A large abomination (Vaults:3)
  A yaktaur (Vaults:2)
  A yaktaur (shapeshifter) (Vaults:5)
  2 guardian mummies (Crypt:3)
  A slime creature (Slime:2)
  3 golden eyes (Slime:5)
  A demonspawn skeleton (Crypt:1)
  A fire crab zombie (Crypt:1)
  A necrophage (Crypt:2)
  4 wights (Crypt:3)
  8 foxfires
53 creatures vanquished.

Vanquished Creatures (others)
  A human (D:13)
  A howler monkey (D:13)
  1044 fire vortices
  1851 foxfires
  4 tentacles (Shoals:4)
2901 creatures vanquished.

Grand Total: 5681 creatures vanquished

Notes
Turn   | Place    | Note
-------+----------+-------------------------------------------
     0 | D:1      | xight the Deep Elf Fire Elementalist began the quest for
                  | the Orb.
     0 | D:1      | Reached XP level 1. HP: 10/10 MP: 6/6
   327 | D:1      | Reached XP level 2. HP: 15/15 MP: 4/8
   330 | D:1      | Learned a level 2 spell: Scorch
  1124 | D:1      | Reached XP level 3. HP: 20/20 MP: 7/10
  1128 | D:1      | Learned a level 3 spell: Volatile Blastmotes
  1413 | D:2      | Noticed Robin
  1432 | D:2      | Killed Robin
  1562 | D:2      | Reached XP level 4. HP: 24/24 MP: 3/12
  1566 | D:2      | Learned a level 3 spell: Inner Flame
  2010 | D:2      | Found a runed translucent door.
  2011 | D:2      | Noticed Crazy Yiuf
  2018 | D:2      | Killed Crazy Yiuf
  2019 | D:2      | Reached skill level 1 in Fighting
  2368 | D:3      | Found a faded altar of an unknown god.
  2445 | D:3      | Found an ancient bone altar of Kikubaaqudgha.
  2452 | D:3      | Found a glowing golden altar of the Shining One.
  2459 | D:3      | Found a glowing silver altar of Zin.
  2462 | D:3      | Found a blossoming altar of Fedhas.
  2886 | D:3      | Noticed Sigmund
  2948 | D:3      | Killed Sigmund
  2949 | D:3      | Reached skill level 5 in Spellcasting
  2949 | D:3      | Reached skill level 5 in Fire Magic
  2949 | D:3      | Reached XP level 5. HP: 25/29 MP: 4/14
  2949 | D:3      | Reached XP level 6. HP: 29/34 MP: 4/15
  2954 | D:3      | Learned a level 4 spell: Flame Wave
  3152 | D:3      | Found a sparkling altar of Nemelex Xobeh.
  3335 | D:4      | Found a glowing drain.
  3353 | Sewer    | Entered a sewer
  3913 | Sewer    | Reached XP level 7. HP: 40/40 MP: 11/18
  4733 | D:5      | Entered Level 5 of the Dungeon
  4733 | D:5      | Found Niquenec's Antique Weapon Shoppe.
  4741 | D:5      | Found Ewaewext's Book Emporium.
  4878 | D:5      | Found Bacurej's Antique Armour Boutique.
  5007 | D:5      | Found Unosyuloy's Antique Armour Shop.
  5013 | D:5      | Found Wuages's Assorted Antiques.
  5021 | D:5      | Bought a glowing dark potion for 30 gold pieces
  5121 | D:5      | Reached skill level 5 in Conjurations
  5293 | D:5      | Noticed Prince Ribbit
  5299 | D:5      | Killed Prince Ribbit
  5300 | D:5      | Reached XP level 8. HP: 35/45 MP: 9/21
  5876 | D:5      | Found a staircase to the Ecumenical Temple.
  5890 | Temple   | Entered the Ecumenical Temple
  6401 | D:6      | Reached XP level 9. HP: 51/51 MP: 23/23
  6614 | D:6      | Learned a level 5 spell: Fireball
  6617 | D:6      | Learned a level 2 spell: Blink
  6669 | D:6      | Found a runed translucent gate.
  6669 | D:6      | Found a runed translucent gate.
  6669 | D:6      | Found a runed translucent gate.
  7049 | D:6      | Reached skill level 1 in Translocations
  7095 | D:6      | Noticed 0o0o's ghost (novice MiBe)
  7104 | D:6      | Killed 0o0o's ghost
  7245 | D:7      | Reached skill level 10 in Spellcasting
  8109 | D:7      | Found an ornate altar of the Wu Jian Council.
  8159 | D:8      | Learned a level 4 spell: Iskenderun's Mystic Blast
  8170 | D:8      | Reached XP level 10. HP: 58/58 MP: 26/26
  8977 | D:8      | Noticed a manticore
  9186 | D:8      | Reached skill level 10 in Fire Magic
  9255 | D:8      | Killed a manticore
  9256 | D:8      | Reached skill level 5 in Fighting
  9821 | D:9      | Found Dyrucsuh's Demolitions Depot.
  9882 | D:9      | Found Oxoures's Jewellery Boutique.
 10330 | D:9      | Identified the +7 great sword of the Gloaming {venom, *Rage
                  | Str+4 Int+5}
 10533 | D:9      | Found a staircase to the Orcish Mines.
 10663 | D:9      | Reached XP level 11. HP: 63/63 MP: 27/28
 11402 | D:10     | Entered Level 10 of the Dungeon
 11425 | D:10     | Found Oxkas's Antique Weapon Shoppe.
 11425 | D:10     | Identified the +8 mace "Gaechoah" {venom, ^Contam rF-
                  | Will+++ SInv}
 11510 | D:10     | Found a radiant altar of Vehumet.
 11518 | D:10     | Became a worshipper of Vehumet
 11721 | D:10     | Found a flagged portal.
 11731 | Bailey   | Entered a bailey
 11744 | Bailey   | Noticed an orc warlord
 11812 | Bailey   | Reached * piety under Vehumet
 11812 | Bailey   | Offered knowledge of Magic Dart by Vehumet.
 12051 | Bailey   | Reached skill level 10 in Conjurations
 12145 | Bailey   | Found a runed translucent gate.
 12145 | Bailey   | Found a runed translucent gate.
 12161 | Bailey   | Found a runed translucent gate.
 12217 | Bailey   | Learned a level 4 spell: Sticky Flame
 12224 | Bailey   | Learned a level 6 spell: Starburst
 12277 | Bailey   | Killed an orc warlord
 12503 | Bailey   | Reached skill level 5 in Translocations
 12503 | Bailey   | Reached XP level 12. HP: 70/70 MP: 31/31
 12539 | D:10     | Offered knowledge of Shock by Vehumet.
 12539 | D:10     | Reached ** piety under Vehumet
 12555 | D:10     | Found Ruetzut's Assorted Antiques.
 12673 | D:10     | Bought 2 potions of curing for 144 gold pieces
 12673 | D:10     | Bought a scroll of blinking for 180 gold pieces
 12986 | D:10     | Found Latrukiga's Book Shop.
 13031 | D:10     | Found a shimmering altar of Xom.
 13031 | D:10     | Found a shimmering altar of Xom.
 13031 | D:10     | Found a shimmering altar of Xom.
 13032 | D:10     | Found a shimmering altar of Xom.
 13160 | D:10     | Found a staircase to the Lair.
 13657 | D:11     | Noticed a two-headed ogre
 13660 | D:11     | Killed a two-headed ogre
 13660 | D:11     | Noticed a two-headed ogre
 13786 | Lair:1   | Entered Level 1 of the Lair of Beasts
 13871 | Lair:1   | Offered knowledge of Stone Arrow by Vehumet.
 14698 | Lair:1   | Noticed Maggie
 14701 | Lair:1   | Killed Maggie
 15255 | Lair:2   | Reached *** piety under Vehumet
 15263 | Lair:2   | Reached XP level 13. HP: 76/76 MP: 25/33
 15269 | Lair:2   | Noticed Gastronok
 15401 | Lair:2   | Killed Gastronok
 15759 | Lair:2   | Found a staircase to the Shoals.
 16026 | Lair:2   | Noticed Nergalle
 16033 | Lair:2   | Killed Nergalle
 16523 | Lair:3   | Reached skill level 15 in Spellcasting
 16527 | Lair:3   | Offered knowledge of Olgreb's Toxic Radiance by Vehumet.
 16534 | Lair:3   | Noticed Urug
 16538 | Lair:3   | Killed Urug
 16834 | D:5      | Bought a There-And-Back Book for 330 gold pieces
 16834 | D:5      | Bought a book of Party Tricks for 242 gold pieces
 16841 | D:5      | Learned a level 6 spell: Dispersal
 17215 | Lair:3   | Reached **** piety under Vehumet
 17999 | Lair:3   | Found a hole to the Spider Nest.
 18149 | Lair:4   | Offered knowledge of Frozen Ramparts by Vehumet.
 19673 | Lair:4   | Reached XP level 14. HP: 82/82 MP: 18/36
 19793 | Lair:4   | Identified the +0 leather armour "Bewuekib" {rF+++ Will+++
                  | Str-3 Dex-3}
 20075 | Lair:5   | Entered Level 5 of the Lair of Beasts
 20149 | Lair:5   | Found a viscous altar of Jiyva.
 20401 | Lair:5   | Found a staircase to the Slime Pits.
 20424 | Lair:5   | Reached ***** piety under Vehumet
 20424 | Lair:5   | Offered knowledge of Conjure Ball Lightning by Vehumet.
 22311 | Lair:5   | Learned a level 7 spell: Orb of Destruction
 22458 | Orc:1    | Entered Level 1 of the Orcish Mines
 22468 | Orc:1    | Noticed Fannar
 22587 | Orc:1    | Killed Fannar
 22894 | Orc:1    | Reached skill level 15 in Fire Magic
 23389 | Orc:2    | Entered Level 2 of the Orcish Mines
 23715 | Orc:2    | Found a staircase to the Elven Halls.
 24141 | Orc:2    | Offered knowledge of Yara's Violent Unravelling by Vehumet.
 24634 | Orc:2    | Reached XP level 15. HP: 88/88 MP: 35/38
 25083 | Orc:2    | Found Ynaumoxt's Armour Boutique.
 25326 | Orc:2    | Found Wosapidd's Weapon Boutique.
 25425 | Orc:2    | Found Nibon's Book Shop.
 25458 | Orc:2    | Bought the +2 pair of boots of Creativity {Will+ Int+3} for
                  | 400 gold pieces
 25638 | D:11     | Reached skill level 15 in Conjurations
 26895 | D:12     | Found a portal to a secret trove of treasure.
 27279 | D:13     | Noticed Kirke
 27283 | D:13     | Killed Kirke
 28115 | D:13     | Identified the +4 chain mail of Pedwet {Harm Regen+}
 28216 | D:13     | Found a gate to the Vaults.
 28398 | D:13     | Found a radiant altar of Vehumet.
 28880 | D:14     | Reached ****** piety under Vehumet
 28881 | D:14     | Reached skill level 10 in Translocations
 28884 | D:14     | Noticed Nessos
 28891 | D:14     | Killed Nessos
 29083 | D:14     | Noticed Josephine
 29087 | D:14     | Killed Josephine
 29993 | D:15     | Entered Level 15 of the Dungeon
 30038 | D:15     | Offered knowledge of Irradiate by Vehumet.
 30560 | D:15     | Reached XP level 16. HP: 96/96 MP: 34/41
 31391 | D:15     | Found a gateway to a bazaar.
 31529 | D:15     | Found a staircase to the Depths.
 31699 | Spider:1 | Entered Level 1 of the Spider Nest
 33718 | Spider:2 | Offered knowledge of Freezing Cloud by Vehumet.
 34429 | Spider:2 | Learned a level 8 spell: Ignition
 35358 | Spider:3 | Identified the serpent talisman of the Sturgeon {rCorr
                  | Int+2}
 35358 | Spider:3 | Noticed Aizul
 35367 | Spider:3 | Killed Aizul
 35682 | Spider:4 | Entered Level 4 of the Spider Nest
 36293 | Spider:3 | Noticed Arachne
 36303 | Spider:3 | Killed Arachne
 36304 | Spider:3 | Reached XP level 17. HP: 27/101 MP: 11/43
 37302 | D:9      | Bought a ring of flight for 262 gold pieces
 37407 | Shoals:1 | Entered Level 1 of the Shoals
 37407 | Shoals:1 | Found Noshricoh's Magic Scroll Shoppe.
 37606 | Shoals:1 | Noticed Frances
 37611 | Shoals:1 | Killed Frances
 37982 | Shoals:1 | Reached skill level 10 in Fighting
 38289 | Shoals:1 | Offered knowledge of Eringya's Noxious Bog by Vehumet.
 38395 | Shoals:1 | Noticed a kraken
 38406 | Shoals:1 | Killed a kraken
 39735 | Shoals:1 | Bought a scroll of teleportation for 48 gold pieces
 39735 | Shoals:1 | Bought a scroll of teleportation for 48 gold pieces
 39735 | Shoals:1 | Bought a scroll of teleportation for 48 gold pieces
 40490 | Shoals:2 | Noticed Donald
 40496 | Shoals:2 | Killed Donald
 41224 | Shoals:2 | Noticed Ilsuiw
 41564 | Shoals:2 | Killed Ilsuiw
 42812 | Shoals:4 | Entered Level 4 of the Shoals
 43049 | Shoals:3 | Noticed Polyphemus
 43056 | Shoals:3 | Killed Polyphemus
 44416 | Shoals:4 | Reached XP level 18. HP: 108/108 MP: 23/45
 45065 | Shoals:4 | Offered knowledge of Ozocubu's Refrigeration by Vehumet.
 46005 | Shoals:4 | Got the Vellum of Abominable Spells
 46067 | Shoals:4 | Got a barnacled rune of Zot
 48006 | Spider:4 | Offered knowledge of Maxwell's Capacitive Coupling by
                  | Vehumet.
 48431 | Spider:4 | Found the +3 pair of mountain boots {steadfast, rC+}
 48511 | Spider:4 | Got a gossamer rune of Zot
 48791 | Depths:1 | Entered Level 1 of the Depths
 48881 | Depths:1 | Found a transporter.
 48940 | Depths:1 | Noticed a lich
 49168 | Depths:1 | Found a transporter.
 49171 | Depths:1 | Found a transporter.
 49173 | Depths:1 | Found a transporter.
 49751 | Elf:1    | Entered Level 1 of the Elven Halls
 50158 | Elf:1    | Found a glacial archway.
 50339 | Elf:1    | Found a runed translucent door.
 50482 | IceCv    | Entered an ice cave
 50563 | IceCv    | Identified the +2 ice dragon scales of Trumpets {rF- rC++
                  | Str+2}
 51025 | IceCv    | Offered knowledge of Fire Storm by Vehumet.
 51025 | IceCv    | Offered knowledge of Shatter by Vehumet.
 51025 | IceCv    | Offered knowledge of Polar Vortex by Vehumet.
 51037 | IceCv    | Learned a level 9 spell: Fire Storm
 51158 | IceCv    | Identified the +6 war axe "Mueq" {protect, rF+ Will+ Str+6
                  | Int-5}
 51393 | Elf:1    | Reached XP level 19. HP: 115/115 MP: 37/47
 51662 | Elf:1    | Found Vuoclu's Assorted Antiques.
 53785 | Elf:1    | Identified the ring "Vopsameo" {Ice Str+2 Dex+3}
 54119 | Elf:1    | Found a runed translucent door.
 54136 | Elf:1    | Paralysed by an air elemental for 1 turns
 54174 | Elf:1    | Paralysed by an air elemental for 1 turns
 54344 | Elf:2    | Paralysed by an air elemental for 1 turns
 54349 | Elf:1    | Paralysed by an air elemental for 1 turns
 54688 | Elf:3    | Entered Level 3 of the Elven Halls
 55627 | Elf:2    | Found a runed translucent gate.
 55628 | Elf:2    | Found a runed translucent gate.
 55633 | Elf:2    | Found a runed translucent gate.
 56480 | Elf:2    | Reached XP level 20. HP: 121/121 MP: 28/49
 57506 | Elf:1    | Got Seuqosh's Handbook of the Crater
 57509 | Elf:1    | Got the Discursus on the Sky
 57515 | Elf:1    | Got the Compendium of Frostbite
 57818 | Vaults:1 | Entered Level 1 of the Vaults
 58209 | Vaults:1 | Found Heagobb's Book Shop.
 61159 | Vaults:2 | Found Sayfavve's Assorted Antiques.
 61167 | Vaults:2 | Bought a scroll of revelation for 262 gold pieces
 61167 | Vaults:2 | Bought a scroll of fear for 140 gold pieces
 61167 | Vaults:2 | Bought a potion of enlightenment for 175 gold pieces
 62215 | Vaults:3 | Reached XP level 21. HP: 128/128 MP: 43/51
 63081 | Vaults:3 | Found a staircase to the Crypt.
 63305 | Vaults:3 | Identified the ring "Heshum" {Ice rN+}
 64051 | Vaults:3 | Got the Incunabulum of Bones
 65153 | Vaults:4 | Noticed an ancient lich
 65155 | Vaults:4 | Killed an ancient lich
 66286 | Depths:1 | Reached XP level 22. HP: 135/135 MP: 32/53
 66628 | Depths:1 | Found a hide-covered altar of Uskayaw.
 66946 | Depths:1 | Found a gateway to Hell.
 67078 | Depths:1 | Identified the +1 falchion of Juith {antimagic, Str+3
                  | Int+3}
 67936 | Depths:2 | Identified the orb "Lomeovim" {mayhem, Int+2}
 68287 | Depths:2 | Found a basalt altar of Yredelemnul.
 68431 | Depths:2 | Got the Omnibus of the Terrestrial Fifth Circle
 68727 | Depths:2 | Noticed Bai Suzhen
 68730 | Depths:2 | Killed Bai Suzhen
 68809 | Depths:2 | Found a one-way gate leading to the halls of Pandemonium.
 68929 | Depths:2 | Identified the +1 quarterstaff of the Poles {freeze, Int+6}
 69053 | Depths:2 | Noticed Sojobo
 69056 | Depths:2 | Killed Sojobo
 69394 | Depths:2 | Identified a scroll of acquirement
 69395 | Depths:2 | Acquired the +18 shield of the Gong {Loud rN+ Will+ rCorr
                  | EV-5}
 69395 | Depths:2 | Found the +18 shield of the Gong {Loud rN+ Will+ rCorr
                  | EV-5}
 69495 | Depths:4 | Entered Level 4 of the Depths
 70324 | Depths:3 | Noticed a golden dragon
 70326 | Depths:3 | Killed a golden dragon
 70629 | Depths:3 | Reached XP level 23. HP: 129/141 MP: 32/55
 71176 | Depths:3 | Found a corrupted altar of Lugonu.
 71176 | Depths:3 | Found a one-way gate to the infinite horrors of the Abyss.
 71696 | Depths:3 | Identified the +8 plate armour of Hedging {rC+ Int+2
                  | Slay+2}
 71697 | Depths:3 | Identified the +2 spear of the Usurping Gods {freeze,
                  | Str+6}
 73424 | Depths:4 | Found a one-way gateway to a ziggurat.
 73585 | Depths:4 | Found a gate to the Realm of Zot.
 74228 | Slime:1  | Entered Level 1 of the Pits of Slime
 74739 | Slime:3  | Noticed Dissolution
 74743 | Slime:3  | Killed Dissolution
 76497 | Slime:5  | Entered Level 5 of the Pits of Slime
 77004 | Slime:5  | Reached XP level 24. HP: 149/149 MP: 54/55
 77011 | Slime:5  | Noticed the Royal Jelly
 77015 | Slime:5  | Killed the Royal Jelly
 77222 | Slime:5  | Reached skill level 27 in Fire Magic
 78486 | Slime:5  | Got the Parchment of Venin
 78508 | Slime:5  | Identified the +0 ring mail of Bad Feelings {rF+ rC+ Dex+3}
 78520 | Slime:5  | Identified the +6 dagger "Dusy" {pain, +Blink Stlth+}
 78576 | Slime:5  | Identified the +4 trident "Widowermaker" {freeze, Fly rC++
                  | Str-2 Dex+2}
 78607 | Slime:5  | Identified the +4 dire flail of Valour {drain, rElec}
 78623 | Slime:5  | Identified the +8 mace of the Six Servitors {flame, rElec
                  | Int+2 Stlth+}
 78632 | Slime:5  | Identified the +4 halberd of Zypsek {elec, rElec rC+ Str+3
                  | SInv}
 78667 | Slime:5  | Identified the +8 mace "Epoliph" {flame, rF+}
 78681 | Slime:5  | Got Sif Muna's Tractate on the Summoned Pyre
 78683 | Slime:5  | Got a slimy rune of Zot
 78695 | Slime:5  | Identified the staff "Nenyzihu" {rF+ rC+ Str+3 Fire}
 79457 | Elf:3    | Reached skill level 27 in Spellcasting
 79560 | Elf:3    | Found a huge runed translucent gate.
 79560 | Elf:3    | Found a huge runed translucent gate.
 79560 | Elf:3    | Found a huge runed translucent gate.
 79561 | Elf:3    | Found a huge runed translucent gate.
 79561 | Elf:3    | Found a huge runed translucent gate.
 79561 | Elf:3    | Found a huge runed translucent gate.
 79561 | Elf:3    | Found a huge runed translucent gate.
 79833 | Elf:3    | Found a huge runed translucent gate.
 79833 | Elf:3    | Found a huge runed translucent gate.
 79834 | Elf:3    | Found a huge runed translucent gate.
 79835 | Elf:3    | Found a huge runed translucent gate.
 79836 | Elf:3    | Found a huge runed translucent gate.
 79836 | Elf:3    | Found a huge runed translucent gate.
 79836 | Elf:3    | Found a huge runed translucent gate.
 79836 | Elf:3    | Found a huge runed translucent gate.
 79836 | Elf:3    | Found a huge runed translucent gate.
 79836 | Elf:3    | Found a huge runed translucent gate.
 79836 | Elf:3    | Found a huge runed translucent gate.
 79837 | Elf:3    | Found a huge runed translucent gate.
 79837 | Elf:3    | Found a huge runed translucent gate.
 80237 | Elf:3    | Identified the +5 war axe "Death Rattle" {drain, rF+ Will+
                  | Dex+3}
 80239 | Elf:3    | Reached skill level 15 in Fighting
 80272 | Elf:3    | Identified the +3 scimitar of Parts Unknown {drain, Str+5}
                  | (You took it off a deep elf annihilator on level 3 of the
                  | Elven Halls)
 80272 | Elf:3    | Identified the +3 scale mail "Osukiedgh" {Stlth+}
 80272 | Elf:3    | Identified the ring "Tutza" {rF+ rN++ Str-5 Int+6}
 80418 | Elf:3    | Identified the +1 long sword of Ru's Delight {elec, rPois
                  | Str+3 Int-4 SInv} (You took it off a deep elf zephyrmancer
                  | on level 3 of the Elven Halls)
 80558 | Elf:3    | Identified the staff of Classification {rPois Conj}
 80603 | Elf:3    | Identified the staff of Purpose {rElec rN+ Str-5 Int+3 SInv
                  | Necro}
 80638 | Elf:3    | Identified the amulet "Zuegila" {Acrobat rF+} (You took it
                  | off a deep elf knight on level 3 of the Elven Halls)
 81733 | D:12     | You paid a toll of a +7 demon blade to enter a treasure
                  | trove
 81734 | Trove    | Entered a treasure trove
 81736 | Trove    | Identified the amulet of Finimynyo {RegenMP rPois Regen+}
 81751 | Trove    | Identified the amulet of Conversion {RegenMP *Corrode rC+++
                  | Str+3 SInv}
 81776 | Trove    | Identified the ring "Curyapn" {rCorr EV+5}
 81793 | Trove    | Identified the ring of the Ladybird {rC+ Str+2 Slay-3 SInv}
 81804 | Trove    | Identified the ring of Duseizunt {rCorr MP-9 Int+8 Slay-6}
 81818 | Trove    | Identified the ring "Koanouw" {rPois Will+ rCorr Str-5
                  | Stlth+}
 81864 | Trove    | Identified the ring "Vacha" {rF+ rN+ Int+2 Slay-4}
 82493 | Bazaar   | Entered a bazaar
 82514 | Bazaar   | Found Fatik's Jewellery Boutique.
 82528 | Bazaar   | Found Bexoacab's Assorted Antiques.
 82536 | Bazaar   | Bought a scroll of acquirement for 572 gold pieces
 82538 | Bazaar   | Acquired the amulet "Dyriacir" {Reflect rElec SH+5}
 82558 | Bazaar   | Found Sutouracw's Antique Weapon Shop.
 82572 | Bazaar   | Found Ihic's Weapon Boutique.
 82586 | Bazaar   | Found Zuoschile's Magic Scroll Shop.
 82594 | Bazaar   | Bought a scroll of blinking for 135 gold pieces
 82594 | Bazaar   | Bought a scroll of teleportation for 54 gold pieces
 82594 | Bazaar   | Bought a scroll of poison for 72 gold pieces
 83259 | Orc:2    | Bought the +0 pair of gloves "Onokoxek" {Stlth+} for 171
                  | gold pieces
 83447 | D:5      | Bought a runed cloak for 172 gold pieces
 84035 | Vaults:5 | Entered Level 5 of the Vaults
 84239 | Vaults:5 | Reached skill level 15 in Translocations
 84466 | Vaults:5 | Identified the +5 demon whip of Valour {freeze, rN++ Will+
                  | Str+3}
 84618 | Vaults:5 | Noticed an ancient lich
 84620 | Vaults:5 | Killed an ancient lich
 85373 | Vaults:5 | Noticed a dread lich
 85375 | Vaults:5 | Killed a dread lich
 85376 | Vaults:5 | Reached skill level 27 in Conjurations
 85376 | Vaults:5 | Reached XP level 25. HP: 156/156 MP: 46/56
 86217 | Vaults:5 | Identified the ring of Propriety {AC+4 SInv Stlth+}
 87005 | Vaults:5 | Identified the staff "Myamoynt" {rF+ Hexes Fire}
 87017 | Vaults:5 | Identified the +0 leather armour "Goukoi" {rPois Slay+2
                  | Stlth+}
 87267 | Vaults:5 | Got a silver rune of Zot
 87422 | Crypt:1  | Entered Level 1 of the Crypt
 87702 | Crypt:1  | Learned a level 8 spell: Disjunction
 87989 | Crypt:1  | Noticed Xtahua
 87994 | Crypt:1  | Killed Xtahua
 88145 | Crypt:1  | Identified the +7 trident of the Extremes {venom, rCorr
                  | Int-4 Dex+6 SInv}
 89124 | Crypt:3  | Entered Level 3 of the Crypt
 90923 | Crypt:3  | Got Even More Magic
 91292 | Crypt:3  | Noticed an ancient lich
 91410 | Crypt:3  | Killed an ancient lich
 91703 | Crypt:3  | Found a staircase to the Tomb.
 92113 | Zot:1    | Entered Level 1 of the Realm of Zot
 92233 | Zot:2    | Noticed an orb of fire
 92410 | Zot:1    | Reached XP level 26. HP: 170/170 MP: 44/56
 94096 | Zot:2    | Found a transporter.
 94228 | Zot:2    | Found a transporter.
 94279 | Zot:2    | Killed an orb of fire
 94401 | Zot:2    | Found the +0 mask of the Dragon {Will+ Slay+3 SInv}
 95281 | Zot:2    | Noticed an orb of fire
 95287 | Zot:2    | Killed an orb of fire
 96623 | Zot:4    | Noticed Grunn
 96748 | Zot:4    | Reached XP level 27. HP: 180/180 MP: 32/56
 96917 | Zot:4    | Noticed an ancient lich
 96919 | Zot:4    | Killed an ancient lich
 97174 | Zot:4    | Killed Grunn
 97258 | Zot:5    | Entered Level 5 of the Realm of Zot
 98597 | Zot:5    | Noticed a dread lich
 98597 | Zot:5    | Noticed an ancient lich
 98597 | Zot:5    | Noticed an ancient lich
 98598 | Zot:5    | Noticed an ancient lich
 98600 | Zot:5    | Noticed an orb of fire
 98603 | Zot:5    | Killed an ancient lich
 98603 | Zot:5    | Killed a dread lich
 98604 | Zot:5    | Killed an ancient lich
 98604 | Zot:5    | Killed an ancient lich
 98605 | Zot:5    | Noticed an ancient lich
 98605 | Zot:5    | Noticed an ancient lich
 98608 | Zot:5    | Killed an orb of fire
 98887 | Zot:5    | Noticed an ancient lich
 98890 | Zot:5    | Killed an ancient lich
 98892 | Zot:5    | Killed an ancient lich
 99155 | Zot:5    | Noticed an orb of fire
 99156 | Zot:5    | Noticed an ancient lich
 99158 | Zot:5    | Killed an ancient lich
 99158 | Zot:5    | Killed an orb of fire
 99158 | Zot:5    | Killed an ancient lich
 99164 | Zot:5    | Noticed a dread lich
 99165 | Zot:5    | Killed a dread lich
 99216 | Zot:5    | Noticed a dread lich
 99219 | Zot:5    | Killed a dread lich
100374 | Zot:5    | Got the Orb of Zot
100586 | Zot:3    | Noticed Itochem the pandemonium lord
100590 | Zot:3    | Killed Itochem the pandemonium lord
100834 | Depths:4 | Noticed Noorha the pandemonium lord
100841 | Depths:4 | Killed Noorha the pandemonium lord
101247 | D:5      | Noticed Riwotoiclirph the pandemonium lord
101251 | D:5      | Killed Riwotoiclirph the pandemonium lord
101466 | D:$      | Escaped with the Orb!

Illustrated notes

Levels and vault maps discovered:
D:1:      mrwooster_arrival_statue, layout_basic
D:2:      layout_rooms, uniq_crazy_yiuf_cottage, uniq_robin
D:3:      layout_rooms, grunt_temple_overflow_cloverleaf,
          nemelex_dance_club_becter, chequers_ecumenical_altar_simple,
          uniq_sigmund
D:4:      layout_basic, cheibrodos_sewer_entry_drain
D:5:      layout_cave_pools, minmay_temple_entry_grid, serial_shops, shop,
          nicolae_book_shop_shelving, shop, shop, shop, roderic_lattice_a,
          minmay_pentangle, uniq_prince_ribbit1
D:6:      layout_basic, gammafunk_ghost_icy
D:7:      layout_rooms, nzn_wu_jian_council_hall, enter_ossuary_5
D:8:      minmay_imperfect_grid, layout_basic
D:9:      layout_stronghold, erik_orc_4, serial_shops, nicolae_shop_peninsula,
          corexii_checkpoint, nicolae_blasting_shop
D:10:     layout_basic, xom_shifter_show, nicolae_overflow_crystal_walls,
          erik_lair_island, lightli_bailey_entry_fortress, serial_shops, shop,
          shop, nicolae_shop_tiny_waterfront
D:11:     layout_cave_pools
D:12:     layout_cross, gauntlet_entry_generic, nicolae_trove_entry_columns
D:13:     layout_irregular_city, david_vaults_1, serial_co_window_serial,
          co_window_paths_b, co_window_paths_b, co_window_of_opportunity_a,
          co_window_paths_b, co_window_corner_a, co_window_corner_b,
          co_window_2corner, co_window_of_opportunity_b, co_window_2corner,
          co_window_broadway_b, co_window_paths_c, co_window_unsneaky_path_e,
          co_window_paths_e, glass_columns_c, glass_columns_c, glass_columns_b,
          nicolae_vehumet_altar_sigil, uniq_kirke
D:14:     layout_basic, nicolae_figureground_sparkle, bh_circular_ruins,
          uniq_josephine, uniq_nessos
D:15:     grunt_enter_depths_snipers, layout_rooms, serial_shops,
          bzr_entry_dummy
Temple:   zaba_magenta_temple
Lair:1:   minmay_lair_oklob_chamber, layout_layer_cave, uniq_maggie
Lair:2:   layout_cave_pods, minmay_shoals_entry_lonely_mermaid,
          grunt_megastairs_1, uniq_nergalle, uniq_gastronok
Lair:3:   layout_regular_city, spider_nest_entry_funnel_web,
          beast_lair_carwin_2, uniq_urug
Lair:4:   nzn_winding_woodlands_medium [nzn_winding_woodlands_5x5_checkerboard,
          nzn_winding_woodlands_5x15_default,
          nzn_winding_woodlands_5x5_open_star,
          nzn_winding_woodlands_5x5_perimeter,
          nzn_winding_woodlands_center_triple_pond,
          nzn_winding_woodlands_hourglass, nzn_winding_woodlands_5x5_default,
          nzn_winding_woodlands_5x15_longhouse,
          nzn_winding_woodlands_5x5_three], layout_loops_ring,
          infiniplex_staircase_pool_2
Lair:5:   minmay_lair_end_frog_pond, layout_loops_ring, slime_entry_1
Shoals:1: layout_shoals, serial_shops, shop, abandoned_shop, st_cyclops,
          uniq_frances
Shoals:2: layout_shoals, uniq_ilsuiw, uniq_donald
Shoals:3: layout_shoals, nicolae_shoals_former_cling_ruins,
          nicolae_shoals_lost_giant_hut, uniq_polyphemus
Shoals:4: shoals_end_hangedman, layout_shoals, nicolae_shoals_seven_spires,
          nicolae_shoals_dead_sea_scrolls
Spider:1: layout_spider_delve
Spider:2: nicolae_spider_hilbert_zone_6 [nicolae_spider_hilbert_4_sides_1_open,
          nicolae_spider_hilbert_4_sides_1_open,
          nicolae_spider_hilbert_4_sides_1_open,
          nicolae_spider_hilbert_4_sides_1_open,
          nicolae_spider_hilbert_4_sides_1_open,
          nicolae_spider_hilbert_4_sides_1_open,
          nicolae_spider_hilbert_4_sides_1_open]
Spider:3: layout_chambers, uniq_aizul, uniq_arachne
Spider:4: grunt_spider_rune_parallel
Slime:1:  layout_caves
Slime:2:  cheibrodos_slime_lost_civilization_3, layout_caves
Slime:3:  nicolae_slime_spelunking, uniq_dissolution
Slime:4:  layout_caves
Slime:5:  slime_pit_nicolae_inversion
Orc:1:    lemuel_ogre_cave, layout_diamond_mine, uniq_fannar
Orc:2:    st_orc_town, layout_caves
Elf:1:    mu_elemental_laboratory, layout_loops_corners, serial_shops, shop,
          portal_ice_cave_entry_pillars_three,
          hangedman_elven_crosses_minicolossus, statue_in_the_mist_lemuel,
          minivault_28
Elf:2:    nicolae_elf_blades_crystal_corner, layout_loops_cross, minivault_28
Elf:3:    minmay_elf_hall_quartered_circle, layout_rooms,
          hangedman_elf_represent
Vaults:1: vaults_room_hallway, vaults_dpeg_doors,
          nicolae_vaults_sesquioval_fish, grunt_vaults_hallway_short, v_misc_3,
          hangedman_vaults_maws, nicolae_vaults_little_squares_4,
          nicolae_vaults_variable_pillar_hall, nicolae_vaults_diamond_1,
          vaults_room_pools, layout_vaults_quadrants, serial_shops, shop
Vaults:2: nicolae_vaults_ring_of_whatevers, nicolae_vaults_ellipses_ellipsis,
          nicolae_vaults_yaktaur_gun_rack, nicolae_vaults_cochlea,
          vaults_mumra_chevron, nicolae_vaults_little_squares_5,
          hangedman_vaults_unwind, hangedman_vaults_hat, st_cross,
          hangedman_vaults_nodes, vaults_dpeg_emergency_exit,
          nicolae_vaults_trapezoid_lopsided_3, nicolae_vaults_frosty_reception,
          nicolae_vaults_lightning_bolt, grunt_vaults_hallway_short,
          layout_vaults_maze, serial_shops, shop
Vaults:3: nicolae_vaults_antechamber_and_loot_room, v_misc_26,
          serial_library_hellmonk_open_cross, vaults_dpeg_diagonal,
          vaults_mumra_minichess, nicolae_vaults_little_squares_1,
          vaults_room_octagon, nicolae_vaults_prndl,
          minmay_crypt_entry_simple_walls, hangedman_vaults_locks, v_misc_5,
          nicolae_vaults_double_plus_2, nicolae_vaults_tetromino_Z_1,
          nicolae_vaults_storage_room_doors, ontoclasm_vaults_hangar,
          layout_vaults_big_cross, serial_magic_research,
          hangedman_research_thanatology, hangedman_research_electronics,
          uniq_margery
Vaults:4: v_misc_5, serial_ice_b, nicolae_vaults_surprise_closet,
          nicolae_vaults_rhombus_7, nicolae_vaults_double_plus_3, v_misc_12,
          nicolae_vaults_tangram_2, nicolae_vaults_corridor_and_loot_room,
          v_misc_29, nicolae_vaults_storage_closets_1,
          nicolae_vaults_diagonal_hallway_9, layout_vaults_omnibox
Vaults:5
Crypt:1:  minmay_skeleton_keep, layout_misc_corridors,
          grunt_crypt_arrival_split, uniq_xtahua
Crypt:2:  layout_misc_corridors, nicolae_crypt_paired_memorials
Crypt:3:  due_elkab, layout_chaotic_city, tomb_entry_shell_bobbens,
          item_on_display_b
Depths:1: evilmike_inaccessible_box, layout_twisted_cross, hellmouth_1,
          nicolae_uskayaw_en_pointe, nicolae_diode_quadrants
Depths:2: minmay_the_grid_four_pointed_star
          [minmay_the_grid_triangle_9x9_impossible_snake,
          minmay_the_grid_triangle_9x9_corrupted_corridor,
          minmay_the_grid_triangle_9x9_checkered,
          minmay_the_grid_triangle_9x9_odd_lines,
          minmay_the_grid_prize_diamond_cup], layout_gridlike,
          grunt_pan_entry_zigzag, hell_entry, lemuel_zombie_altar_yredelemnul,
          uniq_sojobo, uniq_bai_suzhen
Depths:3: grunt_bent_corner, layout_cave_shapes, abyss_entry_flame_altar,
          lightli_too_deep, serial_column_ruins, column_ruins_portal_squares,
          column_ruins_corridor_straight, column_ruins_open_tiny,
          column_ruins_open_tiny, column_ruins_open_small,
          column_ruins_corridor_T, minmay_misc_feat_cross,
          minmay_staircase_bubble
Depths:4: grunt_zot_entry_gee_three, layout_basic, enter_ziggurat_c,
          pf_hell_entry_tar_river, serial_curves, eino_curves_03,
          eino_curves_04, eino_curves_04, rand_demon_pan_entry_7
Zot:1:    layout_cathedral_of_symmetry, hangedman_spider_trapstep,
          grunt_megastairs_2
Zot:2:    grunt_zot_stairs_mandelzot, layout_basic, st_single_dragon_hoard_2,
          chequers_guarded_unrand_mask_of_the_dragon, grunt_megastairs_5
Zot:3:    layout_gridlike
Zot:4:    hangedman_snap_crack_crunch, layout_cathedral_of_symmetry,
          skrybe_zot_glass_2, uniq_grunn, uniq_josephina
Zot:5:    layout_basic

Skill      XL: |  1  2  3  4  5  6  7  8  9 10 11 12 13 14 15 16 17 18 19 20 21 22 23 24 25 26 27 |
---------------+----------------------------------------------------------------------------------+-----
Conjurations   | 2 3 4 5 6 8 9 11 12 13 14 16 17 18 19 20 21 22 24 25 27 | 27.0
Spellcasting   | 4 5 6 7 8 10 11 13 14 16 17 19 20 21 22 23 24 25 26 27 | 27.0
Fire Magic     | 4 5 6 7 9 10 11 12 14 15 16 17 18 19 20 22 24 25 26 27 | 27.0
Fighting       | 1 2 3 4 5 6 7 8 9 10 11 12 13 14 15 18 20 22 | 22.5
Translocations | 2 4 5 6 8 9 10 11 12 13 14 15 17 20 24 | 24.1
Dodging        | |  2.4
Stealth        | |  2.4

Action                     |  1- 3 |  4- 6 |  7- 9 | 10-12 | 13-15 | 16-18 | 19-21 | 22-24 | 25-27 || total
---------------------------+-------+-------+-------+-------+-------+-------+-------+-------+-------++-------
  Melee: Staff             |       |       |       |       |     1 |     5 |       |       |       ||     6
   Cast: Foxfire           |    74 |   112 |   181 |   361 |   357 |     3 |       |       |       ||  1088
         Scorch            |     6 |    21 |    48 |    43 |    49 |     9 |     3 |       |     2 ||   181
         Flame Wave        |       |     1 |     6 |    37 |    25 |       |       |       |       ||    69
         Volatile Blastmot |       |       |     1 |     9 |    15 |       |       |       |       ||    25
         Iskenderun's Myst |       |       |       |    10 |    47 |    76 |    16 |    20 |    11 ||   180
         Fireball          |       |       |       |    29 |   270 |   485 |     7 |       |       ||   791
         Sticky Flame      |       |       |       |     2 |     7 |       |       |       |       ||     9
         Inner Flame       |       |       |       |     1 |    36 |    14 |     1 |       |       ||    52
         Starburst         |       |       |       |       |    28 |    36 |       |       |       ||    64
         Orb of Destructio |       |       |       |       |    35 |   148 |    24 |     5 |     5 ||   217
         Dispersal         |       |       |       |       |     1 |     6 |    14 |     6 |    16 ||    43
         Blink             |       |       |       |       |       |     1 |     1 |       |       ||     2
         Ignition          |       |       |       |       |       |    38 |       |     1 |     3 ||    42
         Fire Storm        |       |       |       |       |       |     3 |   338 |   453 |   506 ||  1300
         Disjunction       |       |       |       |       |       |       |       |       |     3 ||     3
    Use: Scroll            |     6 |     3 |    11 |     7 |     3 |    12 |     2 |     9 |    11 ||    64
         Potion            |       |       |       |     1 |     1 |    10 |     4 |     5 |     4 ||    25
 Armour: Robe              |     4 |     7 |    24 |    73 |    74 |    97 |    71 |    36 |    49 ||   435
  Dodge: Dodged            |     4 |    15 |    16 |    50 |    40 |    30 |    32 |     2 |     3 ||   192
  Block: Kite shield       |       |       |       |       |       |     7 |       |    13 |    10 ||    30
         Reflection        |       |       |       |       |       |     2 |       |       |       ||     2
